 Dungeon Crawl Stone Soup version 0.27.1-1-g398f81649c (webtiles) character file.

Game seed: 1793654717793225232

1696 speeev33 the Chopper (level 9, -8/79 HPs)
             Began as a Hill Orc Fighter on Sept 13, 2021.
             Was a Believer of Okawaru.
             Killed from afar by a steam dragon (13 damage)
             ... with a ball of steam
             ... on level 6 of the Dungeon.
             The game lasted 00:07:13 (5103 turns).

speeev33 the Chopper (Hill Orc Fighter)             Turns: 5103, Time: 00:07:14

Health: -8/79      AC: 10    Str: 22    XL:     9   Next: 3%
Magic:  0/9        EV:  8    Int:  8    God:    Okawaru [**....]
Gold:   239        SH: 12    Dex: 16    Spells: 8/8 levels left

rFire    . . .     SeeInvis .   a - +1 war axe (flame)
rCold    . . .     Faith    .   c - +1 kite shield
rNeg     . . .     Spirit   +   b - +0 scale mail
rPois    .         Reflect  .   h - +0 helmet
rElec    .         Harm     .   l - +0 cloak
rCorr    .         Rampage  .   (no gloves)
Will     .....                  (no boots)
Stlth    ..........             q - amulet of guardian spirit
HPRegen  0.23/turn              d - +6 ring of dexterity
MPRegen  0.11/turn              (no ring)

@: lethally poisoned (-8 -> -10)
A: no striking features
a: Renounce Religion, Heroism


You were on level 6 of the Dungeon.
You worshipped Okawaru.
Okawaru was pleased with you.
You visited 2 branches of the dungeon, and saw 7 of its levels.

You collected 239 gold pieces.

Inventory:

Hand Weapons
 a - a +1 war axe of flaming (weapon)
 g - a +0 flail
Armour
 b - a +0 scale mail (worn)
 c - a +1 kite shield (worn)
 h - a +0 helmet (worn)
 l - a +0 cloak (worn)
Jewellery
 d - a +6 ring of dexterity (left hand)
 q - an amulet of guardian spirit (around neck)
Wands
 o - a wand of acid (6)
Scrolls
 e - a scroll of enchant armour
 k - a scroll of enchant weapon
 n - a scroll of identify
Potions
 f - a potion of ambrosia
 i - a potion of mutation
 j - a potion of attraction
 m - a potion of heal wounds
 p - a potion of lignification


   Skills:
 + Level 7.6 Fighting
 + Level 7.7 Axes
 + Level 6.9 Armour
 + Level 7.0 Shields


You had 8 spell levels left.
You didn't know any spells.
Your spell library contained the following spells:

 Spells                   Type           Power      Damage    Failure   Level
 Shock                    Conj/Air       0%         1d3       96%         1
 Sublimation of Blood     Necr           0%         N/A       99%         2
 Wereblood                Tmut           0%         N/A       99%         2
 Inner Flame              Hex/Fire       0%         N/A       100%        3
 Swiftness                Air            0%         N/A       100%        3
 Airstrike                Air            0%         N/A       100%        4
 Cause Fear               Hex            0%         N/A       100%        4
 Summon Hydra             Summ           0%         N/A       100%        7
 Discord                  Hex            0%         N/A       100%        8


Dungeon Overview and Level Annotations

Branches:
Dungeon (6/15)             Temple (1/1) D:4

Altars:
Fedhas
Gozag
Hepliaklqana
Nemelex Xobeh
Okawaru
Trog
Vehumet
Wu Jian
Zin

Shops:
D:2 :   D:5 *[[


Message History

You closely miss the steam dragon.
The steam dragon is lightly wounded.
You block the steam dragon's attack. The steam dragon closely misses you.
You completely miss the steam dragon.
The steam dragon is lightly wounded.
The steam dragon breathes steam at you. The ball of steam hits you.
You barely miss the steam dragon.
The steam dragon is lightly wounded.
You are engulfed in a cloud of scalding steam.
You block the steam dragon's attack. The steam dragon claws you.
You hit the steam dragon but do no damage.
The steam dragon is lightly wounded.
The steam dragon bites you! You block the steam dragon's attack.
The adder bites you but does no damage. The steam dragon bites you!
You block the steam dragon's attack.
You completely miss the steam dragon.
The steam dragon is lightly wounded.
You hit the adder. You burn the adder.
You are engulfed in a cloud of scalding steam.
You block the adder's attack. You block the steam dragon's attack.
The steam dragon claws you.
* * * LOW HITPOINT WARNING * * *
The adder bites you.
* * * LOW HITPOINT WARNING * * *
You are poisoned.
The adder poisons you!
You feel sick. The steam dragon breathes steam at you.
The ball of steam hits you!
* * * LOW HITPOINT WARNING * * *
You are engulfed in a cloud of scalding steam.
You feel sick.
Really walk into that cloud of steam?
You are engulfed in a cloud of scalding steam.
* * * LOW HITPOINT WARNING * * *
You feel sick. The steam dragon breathes steam at you.
The ball of steam hits you!
You die...

#.....#.#...########
#.###............... #
#.......##########
#.###.......######..<#
#.)..............#.###.
####>..................
........S§§..####.#.###.
#####..##D#..# #.#)..
#..@§§#).# #.#.#.#
##..§§§.†)# #.###.#
........§...####.....#
####.##.§........#
......§............
)...............####
.................#
............######
..........+


You could see a steam dragon (catching breath).

Vanquished Creatures
  Pikel (D:5)
  Sigmund (D:4)
  A water moccasin (D:5)
  A black bear (D:4)
  An ogre (D:5)
  Blork the orc (D:4)
  A scorpion (D:4)
  A vampire bat (D:3)
  A howler monkey (D:5)
  A hound (D:6)
  A centaur skeleton (D:5)
  2 orc priests
  Crazy Yiuf (D:4)
  A bullfrog skeleton (D:4)
  Natasha (D:4)
  An iguana (D:5)
  2 hound skeletons
  A hound zombie (D:5)
  Robin (D:2)
  6 gnolls
  6 adders
  A shadow imp (D:5)
  An ufetubus (D:5)
  4 worms
  2 dart slugs (D:1)
  3 fire bats (D:3)
  6 orcs
  2 spectral bats (D:3)
  2 ball pythons (D:2)
  3 bat skeletons (D:3)
  A bat zombie (D:3)
  6 endoplasms
  A giant cockroach (D:5)
  12 goblins
  6 hobgoblins
  9 kobolds
  4 quokkas
  12 bats
  A bat simulacrum (D:3)
  4 frilled lizards
  5 rats
  A spectral goblin (D:3)
119 creatures vanquished.

Notes
Turn   | Place    | Note
-------+----------+-------------------------------------------
     0 | D:1      | speeev33 the Hill Orc Fighter began the quest for the Orb.
     0 | D:1      | Reached XP level 1. HP: 19/19 MP: 1/1
   105 | D:1      | Reached XP level 2. HP: 27/27 MP: 2/2
   787 | D:2      | Reached XP level 3. HP: 31/33 MP: 3/3
   832 | D:2      | Found a hazy altar of Hepliaklqana.
   935 | D:2      | Found Miaricat's Book Shoppe.
  1062 | D:2      | Reached XP level 4. HP: 32/40 MP: 4/4
  1366 | D:2      | Noticed Robin
  1374 | D:2      | Killed Robin
  1618 | D:2      | Reached XP level 5. HP: 36/47 MP: 5/5
  2011 | D:3      | Found a faded altar of an unknown god.
  2517 | D:3      | Reached skill level 5 in Fighting
  2517 | D:3      | Reached XP level 6. HP: 34/56 MP: 6/6
  2917 | D:4      | Found a staircase to the Ecumenical Temple.
  2925 | Temple   | Entered the Ecumenical Temple
  3042 | Temple   | Became a worshipper of Warmaster Okawaru
  3068 | D:4      | Noticed a black bear
  3086 | D:4      | Killed a black bear
  3219 | D:4      | Reached skill level 5 in Axes
  3219 | D:4      | Reached skill level 5 in Shields
  3330 | D:4      | Reached skill level 5 in Armour
  3360 | D:4      | Noticed Sigmund
  3643 | D:3      | Reached * piety under Okawaru
  3644 | D:3      | Reached XP level 7. HP: 49/61 MP: 7/7
  3731 | D:4      | Killed Sigmund
  3764 | D:4      | Noticed Blork the orc
  3774 | D:4      | Killed Blork the orc
  4037 | D:4      | Noticed Natasha
  4040 | D:4      | Killed Natasha
  4107 | D:4      | Found a runed translucent door.
  4108 | D:4      | Noticed Crazy Yiuf
  4114 | D:4      | Killed Crazy Yiuf
  4226 | D:5      | Entered Level 5 of the Dungeon
  4249 | D:5      | Reached XP level 8. HP: 71/71 MP: 8/8
  4384 | D:5      | Noticed Pikel
  4426 | D:5      | Killed Pikel
  4426 | D:5      | Reached ** piety under Okawaru
  4621 | D:5      | Found Pihibauf's Armour Shoppe.
  4634 | D:5      | Found Juoliway's Antique Armour Emporium.
  4711 | D:5      | Found Foofifunu's Assorted Antiques.
  5006 | D:6      | Reached XP level 9. HP: 79/79 MP: 9/9
  5103 | D:6      | Killed from afar by a steam dragon

Illustrated notes

Levels and vault maps discovered:
D:1:      dpeg_arrival_windows_large_door, layout_loops_ring
D:2:      layout_loops_ring, serial_shops, shop, basic_altar, uniq_robin
D:3:      layout_basic, dreamdust_ecumenical_altar_drowned_temple,
          goddamned_bats
D:4:      layout_cave_pools, minmay_temple_entry_mini_moons,
          uniq_crazy_yiuf_cottage, uniq_sigmund, uniq_natasha,
          uniq_blork_the_orc
D:5:      layout_basic, serial_shops, nicolae_diamond_shop,
          nicolae_shop_crystal, nicolae_lakefront_shop, gup_sewer_entry_bowl,
          uniq_pikel
D:6:      layout_basic
Temple:   roderic_octagonal_lattice_temple

Skill      XL: |  1  2  3  4  5  6  7  8  9 |
---------------+----------------------------+-----
Axes           | 3 4 5 6 7 |  7.7
Fighting       | 4 5 6 7 |  7.6
Shields        | 4 5 6 7 |  7.0
Armour         | 4 5 6 |  6.9

Action                   |  1- 3 |  4- 6 |  7- 9 || total
-------------------------+-------+-------+-------++-------
Melee: War axe           |    67 |   189 |   104 ||   360
Invok: Heroism           |       |       |     2 ||     2
  Use: Scroll            |     1 |     5 |     7 ||    13
       Potion            |       |     1 |       ||     1
Armor: Scale mail        |    34 |   136 |    31 ||   201
Dodge: Dodged            |    16 |    87 |    31 ||   134
Block: Kite shield       |    38 |   178 |    73 ||   289
